Map: [ESL] Dragon Scales

Players

herO

  • Race: Protoss Protoss
  • Spawn Location: 5:00

Creator - Winner!

  • Race: Protoss Protoss
  • Spawn Location: 11:00

Event: ESL SC2 Masters 2023 Summer (Finals)

VOD

Have the link to the VOD?

Description

Time

  • Played on: June 16, 2023, 1:21 p.m.
  • Length: 12:40

All games in this series

Show
View Real Time Build Order
Export as new Build Order

herO Protoss 

Build Orders: Oracle Opening 

Get SALT Encoding   

  12  0:00  Probe  
  13  0:12  Probe  
  14  0:17  Pylon  
  14  0:24  Probe  
  15  0:35  Gateway  
  15  0:37  Probe (Chrono Boost)  
  16  0:43  Assimilator  
  16  0:48  Probe (Chrono Boost)  
  17  0:53  Probe (Chrono Boost)  
  18  1:00  Assimilator  
  18  1:03  Probe (Chrono Boost)  
  19  1:15  Probe (Chrono Boost), Pylon  
  20  1:22  Cybernetics Core, Probe (Chrono Boost)  
  21  1:28  Zealot  
  23  1:33  Probe  
  24  1:46  Probe  
  25  1:58  Probe  
  26  2:03  Pylon  
  26  2:07  Stargate  
  26  2:15  Stalker  
  28  2:18  Pylon  
  28  2:25  Cybernetics Core  
  28  2:27  Warp Gate  
  28  2:37  Pylon  
  29  2:49  Oracle (Chrono Boost)  
  30  2:59  Nexus  
  30  3:03  Stalker  
  33  3:09  Shield Battery  
  33  3:10  Probe  
  33  3:23  Probe  
  33  3:24  Pylon  
  34  3:31  Twilight Council  
  34  3:45  Probe  
  34  3:47  Gateway  
  30  3:57  Probe  
  34  4:04  Blink (Chrono Boost)  
  34  4:09  Probe  
  32  4:11  Probe  
  32  4:15  Stalker  
  35  4:20  Phoenix  
  35  4:23  Probe (Chrono Boost)  
  35  4:24  Probe (Chrono Boost)  
  38  4:33  Probe x2 (Chrono Boost)  
  38  4:38  Probe (Chrono Boost), Gateway  
  40  4:39  Probe (Chrono Boost)  
  42  4:47  Stalker  
  43  4:53  Stalker  
  43  4:57  Probe  
  43  4:58  Probe  
  43  5:08  Pylon  
  43  5:10  Probe x2  
  45  5:19  Stalker x2  
  49  5:23  Probe  
  49  5:24  Probe  
  51  5:33  Gateway  
  51  5:35  Probe  
  51  5:36  Probe  
  51  5:37  Stalker  
  55  5:45  Stalker  
  55  5:46  Stalker  
  59  5:50  Probe x2  
  59  6:06  Pylon  
  59  6:07  Shield Battery  
  59  6:08  Stalker x2  
  59  6:10  Stalker  
  65  6:14  Probe x2  
  67  6:24  Pylon  
  67  6:29  Probe  
  68  6:40  Stalker  
  68  6:41  Stalker x3  
  68  6:46  Probe  
  76  6:48  Assimilator  
  76  6:58  Probe  
  75  7:07  Stalker x2  
  73  7:08  Stalker x2  
  73  7:21  Probe x2  
  69  7:23  Nexus  
  65  7:33  Stalker x3  
  65  7:38  Stalker  
  65  7:39  Probe x2  
  67  7:44  Shield Battery  
  67  7:51  Probe x2  
  67  7:52  Gateway  
  69  8:04  Stalker x3  
  71  8:08  Probe x2  
  69  8:15  Shield Battery  
  67  8:20  Probe x2  
  67  8:26  Phoenix (Chrono Boost)  
  69  8:29  Stalker  
  69  8:31  Stalker  
  75  8:35  Stalker  
  75  8:55  Stalker x2  
  79  8:56  Probe x2  
  79  8:58  Probe  
  79  9:01  Stalker  
  76  9:08  Probe  
  76  9:09  Probe  
  76  9:10  Probe  
  73  9:20  Probe  
  73  9:24  Stalker x3  
  80  9:34  Forge  
  80  9:36  Robotics Facility  
  80  9:37  Nexus  
  80  9:39  Pylon  
  80  9:44  Gateway  
  80  9:46  Gateway  
  80  9:51  Probe x3  
  82  9:59  Stalker x3  
  88  10:00  Protoss Ground Weapons Level 1 (Chrono Boost)  
  88  10:01  Shield Battery  
  88  10:04  Pylon  
  88  10:10  Probe x3  
  88  10:14  Pylon  
  91  10:15  Assimilator  
  91  10:17  Charge (Chrono Boost)  
  91  10:20  Gateway  
  91  10:33  Gateway  
  91  10:34  Gateway  
  91  10:37  Stalker x3  
  91  10:42  Zealot x2  
  101  10:46  Observer (Chrono Boost)  
  90  10:57  Probe x3  
  89  11:09  Zealot x2  
  89  11:10  Zealot x2  
  95  11:13  Observer (Chrono Boost)  
  95  11:18  Zealot  
  98  11:20  Probe x4  
  102  11:31  Observer (Chrono Boost)  
  103  11:36  Probe x4, Photon Cannon  
  103  11:39  Stalker  
  109  11:40  Stalker  
  109  11:42  Photon Cannon  
  111  11:51  Zealot  
  111  11:52  Zealot x3  
  111  11:53  Warp Prism (Chrono Boost)  
  121  12:04  Zealot  
  121  12:07  Pylon  
  123  12:09  Zealot x2  
  123  12:10  Zealot  
  113  12:28  Zealot x5  
  92  12:31  Zealot x3  
Show
View Real Time Build Order
Export as new Build Order

Creator Protoss - Winner!

Build Orders: Phoenix Opening 

Get SALT Encoding   

  12  0:00  Probe  
  13  0:12  Probe  
  14  0:20  Pylon  
  14  0:24  Probe  
  15  0:38  Probe (Chrono Boost)  
  15  0:39  Gateway  
  16  0:48  Assimilator  
  16  0:49  Probe (Chrono Boost)  
  17  0:53  Probe (Chrono Boost)  
  18  1:02  Assimilator  
  18  1:05  Probe  
  19  1:13  Pylon  
  19  1:17  Probe  
  20  1:28  Cybernetics Core  
  20  1:29  Probe (Chrono Boost)  
  20  1:32  Zealot  
  23  1:34  Pylon  
  24  1:41  Probe (Chrono Boost)  
  24  1:47  Probe (Chrono Boost)  
  25  1:55  Probe  
  25  1:57  Pylon  
  26  2:07  Stargate  
  26  2:12  Pylon, Stalker (Chrono Boost)  
  28  2:17  Pylon  
  28  2:23  Warp Gate  
  28  2:29  Pylon  
  28  2:33  Stalker (Chrono Boost)  
  30  2:37  Probe  
  31  2:51  Phoenix (Chrono Boost), Probe  
  33  3:05  Nexus  
  33  3:11  Probe  
  34  3:15  Phoenix (Chrono Boost)  
  36  3:23  Probe  
  36  3:26  Pylon  
  37  3:33  Phoenix  
  38  3:43  Probe  
  38  3:52  Twilight Council  
  38  3:55  Probe  
  38  4:01  Phoenix  
  41  4:08  Probe  
  42  4:19  Probe  
  42  4:20  Probe  
  44  4:27  Gateway  
  44  4:28  Blink (Chrono Boost)  
  44  4:31  Probe (Chrono Boost)  
  44  4:32  Probe (Chrono Boost)  
  46  4:42  Forge  
  46  4:43  Probe x2 (Chrono Boost)  
  48  4:48  Probe x2 (Chrono Boost)  
  48  4:51  Shield Battery  
  50  4:58  Probe x2  
  50  4:59  Oracle  
  53  5:06  Assimilator  
  53  5:07  Assimilator  
  53  5:10  Stalker  
  53  5:11  Probe  
  53  5:13  Probe  
  55  5:24  Stalker  
  55  5:25  Gateway  
  57  5:31  Photon Cannon  
  57  5:34  Stalker  
  59  5:41  Probe x2  
  61  5:44  Pylon  
  61  5:45  Shield Battery  
  61  5:54  Pylon  
  61  6:03  Pylon, Stalker x2  
  65  6:05  Gateway  
  65  6:08  Probe  
  65  6:09  Probe  
  65  6:10  Protoss Ground Weapons Level 1  
  67  6:21  Stalker  
  67  6:22  Pylon  
  69  6:27  Stalker x2  
  73  6:44  Gateway  
  73  6:50  Dark Shrine, Stalker x2  
  70  7:12  Probe  
  70  7:13  Probe, Stalker  
  70  7:14  Stalker x2  
  78  7:15  Pylon  
  62  7:41  Stalker x4  
  68  7:51  Robotics Facility  
  68  7:52  Nexus  
  68  8:07  Stalker x4  
  68  8:10  Probe  
  68  8:11  Probe, Protoss Ground Weapons Level 2 (Chrono Boost)  
  78  8:13  Pylon  
  78  8:23  Probe x2  
  78  8:26  Photon Cannon  
  80  8:31  Stalker, Sentry  
  84  8:37  Probe x2  
  84  8:40  Observer  
  87  8:51  Probe x2  
  81  9:03  Probe  
  81  9:04  Probe  
  81  9:05  Stalker x3  
  81  9:06  Stalker  
  81  9:11  Probe, Immortal (Chrono Boost)  
  81  9:16  Probe  
  83  9:19  Shield Battery  
  83  9:29  Stalker x3  
  89  9:37  Probe x3  
  92  9:42  Charge  
  92  9:44  Sentry  
  94  9:50  Gateway  
  94  9:51  Gateway  
  94  9:59  Nexus  
  91  10:02  Stalker  
  91  10:04  Probe x2  
  91  10:05  Probe  
  96  10:07  Shadow Stride (Chrono Boost)  
  96  10:10  Gateway  
  96  10:14  Dark Templar  
  96  10:16  Probe  
  96  10:17  Dark Templar  
  101  10:23  Assimilator  
  101  10:24  Assimilator  
  101  10:29  Pylon  
  101  10:31  Dark Templar  
  103  10:37  Stalker  
  103  10:38  Nexus  
  103  10:40  Pylon  
  105  10:45  Probe x3  
  105  10:49  Stalker x3  
  114  11:02  Probe x3  
  114  11:03  Stalker  
  117  11:06  Immortal  
  121  11:11  Dark Templar  
  121  11:15  Stalker  
  125  11:19  Shield Battery  
  125  11:20  Photon Cannon  
  125  11:27  Pylon, Gateway  
  125  11:42  Shield Battery  
  125  11:46  Stalker x4  
  133  11:47  Pylon  
  133  11:50  Stalker x2  
  133  11:52  Probe x3  
  140  11:56  Dark Templar  
  140  12:00  Probe  
  143  12:01  Assimilator  
  143  12:05  Assimilator  
  143  12:06  Gateway  
  142  12:10  Dark Templar x2  
  146  12:19  Stalker x3  
  152  12:24  Dark Templar  
  148  12:34  Stalker x2  
Tags
 
Add a new tag
Caveats
  • Supply blocks, unpowered buildings, or Contaminate may cause inaccurate times.
  • Supply counts are checked every 10 seconds.